 Dungeon Crawl Stone Soup version 0.30.1-3-gfc49f6343a (webtiles) character file.

Game seed: 9122058599863148547

608 Fecro the Skirmisher (level 7, -24/59 HPs)
             Began as a Minotaur Hunter on July 26, 2023.
             Killed by an exploding scorpion (25 damage)
             ... ignited by their inner flame
             ... on level 7 of the Dungeon.
             The game lasted 00:12:11 (3263 turns).

Fecro the Skirmisher (Minotaur Hunter)              Turns: 3263, Time: 00:12:11

Health: -24/59     AC:  5    Str: 16    XL:     7   Next: 19%
Magic:  6/6        EV: 12    Int:  6    God:
Gold:   139        SH:  0    Dex: 15    Spells: 6/6 levels left

rFire   . . .        a - +0 shortbow
rCold   . . .        (shield currently unavailable)
rNeg    . . .        c - +0 leather armour
rPois   .            (helmet restricted)
rElec   .            (no cloak)
rCorr   .            q - +0 pair of gloves
SInv    .            d - +0 pair of boots
Will    .....        (no amulet)
Stlth   +            (no ring)
HPRegen 0.29/turn    (no ring)
MPRegen 0.10/turn

%: no passive effects
@: lethally poisoned (-24 -> -37)
A: horns 2, retaliatory headbutt
a: no special abilities


You were on level 7 of the Dungeon.
You visited 1 branch of the dungeon, and saw 6 of its levels.

You collected 139 gold pieces.

Inventory:

Hand Weapons
 a - a +0 shortbow (weapon)
 t - a +0 war axe
Missiles
 f - a throwing net
 v - 14 boomerangs of dispersal
Armour
 c - a +0 leather armour (worn)
 d - a +0 pair of boots (worn)
 q - a +0 pair of gloves (worn)
Jewellery
 p - a ring of magical power
Wands
 r - a wand of roots (10)
Scrolls
 g - a scroll of silence
 h - a scroll of amnesia
 i - 2 scrolls of teleportation
 k - 2 scrolls of brand weapon {unknown}
 n - a scroll of fear {unknown}
 s - a scroll of identify
Potions
 e - a potion of curing
 j - a potion of ambrosia {unknown}
 l - 2 potions of cancellation {unknown}
 m - a potion of mutation {unknown}
 o - a potion of lignification {unknown}


   Skills:
 * Level 4.1 Fighting
 * Level 8.5 Ranged Weapons
 + Level 1.9 Armour
 + Level 3.2 Dodging
 + Level 0.7 Stealth


You had 6 spell levels left.
You didn't know any spells.
Your spell library contained the following spells:

 Spells                   Type           Power      Damage    Failure   Level
 Inner Flame              Hex/Fire       0%         N/A       88%         3
 Flame Wave               Conj/Fire      0%         2d4       99%         4
 Sticky Flame             Conj/Fire      0%         2d3       99%         4


Dungeon Overview and Level Annotations

Branches:
Dungeon (7/15)             Temple (0/1) D:4

Altars:
Elyvilon
Xom


Innate Abilities, Weirdness & Mutations

You have a pair of horns on your head.
You reflexively headbutt those who attack you in melee.


Message History

You shoot an arrow. The arrow hits the scorpion.
The scorpion is moderately wounded.
Fire: a) +0 shortbow
Press: ? - help, Q - select action, (/) - cycle Shift-Dir - straight line, f/p - scorpion
Aim: a scorpion (moderately wounded, 65% to hit)
You shoot an arrow.
The arrow hits the scorpion but does no damage.
The scorpion is moderately wounded.
Fire: a) +0 shortbow
Press: ? - help, Q - select action, (/) - cycle Shift-Dir - straight line, f/p - scorpion
Aim: a scorpion (moderately wounded, 65% to hit)
You shoot an arrow. The arrow hits the scorpion.
The scorpion is heavily wounded.
Fire: a) +0 shortbow
Press: ? - help, Q - select action, (/) - cycle Shift-Dir - straight line, f/p - scorpion
Aim: a scorpion (heavily wounded, 65% to hit)
You shoot an arrow. The arrow closely misses the scorpion.
The arrow barely misses the orc.
Really read the scroll of immolation?
As you read the scroll of immolation, it crumbles to dust.
The creatures around you are filled with an inner flame!
The scorpion stings you.
* * * LOW HITPOINT WARNING * * *
The scorpion stings you.
* * * LOW HITPOINT WARNING * * *
You are poisoned.
The scorpion poisons you!
You feel sick.
Found a hand axe.
You feel sick.
You feel sick. The scorpion attacks as you move away! The scorpion stings you.
* * * LOW HITPOINT WARNING * * *
You are lethally poisoned!
The scorpion poisons you!
* * * LOW HITPOINT WARNING * * *
You feel very sick. The scorpion misses you. You furiously retaliate!
You headbutt the scorpion!
The scorpion explodes!
The fiery explosion engulfs you!!
You die...

#.# #..
######.########.##
##
.†<..............#
.
.##.##.#...####..#
### ....##.o....#
#..# #..
.#####.#...##
#.o###.# #.#
...##.## #§§§...#
###.# .# ##§#####
#..... ..# .# #@#
#.##.# ### +# #.#
# #.# ... ...
#..). +.... ####..


You could see an orc (inner flame).

Vanquished Creatures
  A sky beast (D:7)
  A centaur (D:7)
  A phantom (D:6)
  A kobold brigand (D:7)
  A bullfrog (D:7)
  2 scorpions
  3 orc wizards
  An adder (D:3)
  A worm (D:4)
  4 orcs
  6 bats
  3 endoplasms
  3 giant cockroaches
  6 goblins
  8 hobgoblins
  12 jackals
  2 quokkas (D:1)
  5 ball pythons
  4 frilled lizards
  12 kobolds
  9 rats
86 creatures vanquished.

Notes
Turn   | Place    | Note
-------+----------+-------------------------------------------
     0 | D:1      | Fecro the Minotaur Hunter began the quest for the Orb.
     0 | D:1      | Reached XP level 1. HP: 18/18 MP: 0/0
   145 | D:1      | Reached XP level 2. HP: 23/25 MP: 1/1
   164 | D:1      | Reached skill level 5 in Ranged Weapons
   575 | D:1      | Reached XP level 3. HP: 30/30 MP: 2/2
  1440 | D:3      | Reached skill level 6 in Ranged Weapons
  1441 | D:3      | Reached XP level 4. HP: 37/37 MP: 3/3
  2551 | D:4      | Found a white marble altar of Elyvilon.
  2664 | D:3      | Reached XP level 5. HP: 34/45 MP: 4/4
  2906 | D:4      | Reached skill level 7 in Ranged Weapons
  2906 | D:4      | Reached skill level 1 in Armour
  2963 | D:4      | Found a staircase to the Ecumenical Temple.
  2964 | D:4      | You fall into a shaft and drop 3 floors!
  2980 | D:7      | Reached XP level 6. HP: 44/51 MP: 5/5
  2988 | D:7      | Found a shimmering altar of Xom.
  3067 | D:7      | Reached skill level 8 in Ranged Weapons
  3133 | D:6      | Reached XP level 7. HP: 27/58 MP: 6/6
  3263 | D:7      | HP: 1/59 [poisoned by a scorpion]
  3263 | D:7      | Killed by an exploding scorpion... ignited by their inner
                  | flame

Illustrated notes

Levels and vault maps discovered:
D:1:      shiori_shiawase, layout_basic, minmay_tetromino_t4
D:2:      layout_basic
D:3:      layout_basic
D:4:      layout_basic, mainiacjoe_overflow_cross_hatched,
          nicolae_elyvilon_peaceful_grove, mainiacjoe_overflow_alcove_4,
          nicolae_overflow_hidden_temple, minmay_temple_entry_mist,
          gup_sewer_entry_pipe
D:6:      layout_basic, lemuel_coloured_pillars_altar, guppyfry_shop_venom
D:7:      layout_loops_corners, xom_teletrap_fun, jmf_multi_god_temple,
          minmay_unpleasant_kobolds

Skill      XL: |  1  2  3  4  5  6  7 |
---------------+----------------------+-----
Ranged Weapons | 5 6 7 8 |  8.5
Fighting       | 3 4 |  4.1
Armour         | 1 |  1.9
Dodging        | 3 |  3.2
Stealth        | |  0.7

Action                     |  1- 3 |  4- 6 |  7- 9 || total
---------------------------+-------+-------+-------++-------
  Melee: War axe           |       |     5 |       ||     5
         Shortbow          |       |     1 |       ||     1
   Fire: Shortbow          |   145 |   103 |     8 ||   256
    Use: Scroll            |    10 |       |     2 ||    12
         Potion            |       |       |     1 ||     1
 Armour: Leather armour    |    30 |    19 |     3 ||    52
  Dodge: Dodged            |    49 |    29 |    12 ||    90
